 Dungeon Crawl Stone Soup version 0.20-a0-1086-g4bd2f5b (webtiles) character file.

97 Monsterracer the Grave Robber (level 4, 0/33 HPs)
             Began as a Ghoul Necromancer on May 1, 2017.
             Slain by a quokka (1 damage)
             ... on level 2 of the Dungeon.
             The game lasted 00:07:02 (2093 turns).

Monsterracer the Grave Robber (Ghoul Necromancer)   Turns: 2093, Time: 00:07:03

Health: 0/33       AC:  2    Str: 11      XL:     4   Next: 68%
Magic:  3/6        EV: 12    Int: 11      God:
Gold:   135        SH:  0    Dex:  7 (9)  Spells: 2/7 levels left

rFire    . . .     SeeInvis .     - Unarmed
rCold    + . .     Gourm    .   (no shield)
rNeg     + + +     Faith    .   a - +0 robe
rPois    ∞         Spirit   .   (no helmet)
rElec    .         Reflect  .   (no cloak)
rCorr    .         Harm     .   (no gloves)
MR       .....                  (no boots)
Stlth    ++........             (no amulet)
Regen    0.0/turn               (no ring)
MPRegen  0.1/turn               (no ring)

@: rotting
A: rotting body, claws 1, carnivore 3, cold resistance 1, negative energy
resistance 3, inhibited regeneration, torment resistance, unbreathing
a: no special abilities


You were on level 2 of the Dungeon.
You were not hungry.

You visited 1 branch of the dungeon, and saw 2 of its levels.

You collected 135 gold pieces.

Inventory:

Armour
 a - a +0 robe (worn)
Scrolls
 d - a scroll of fear {unknown}
 e - 2 scrolls of identify {unknown}
 g - a scroll of remove curse {unknown}
 h - 2 scrolls of enchant armour {unknown}
 i - a scroll of recharging {unknown}
Potions
 f - a potion of curing
Books
 b - a book of Necromancy

   Spells                             Type                      Level
   a - Pain                           Necromancy                   1
   b - Animate Skeleton               Necromancy                   1
   c - Vampiric Draining              Necromancy                   3
   d - Regeneration                   Charms/Necromancy            3
   e - Animate Dead                   Necromancy                   4
   f - Control Undead                 Necromancy                   4
Comestibles
 c - a meat ration
 j - a chunk of flesh


   Skills:
 - Level 2.0 Dodging
 - Level 2.1 Stealth
 * Level 2.5 Unarmed Combat
 + Level 2.4 Spellcasting
 * Level 4.7 Necromancy


You had 2 spell levels left.
You knew the following spells:

 Your Spells              Type           Power        Failure   Level  Hunger
a - Pain                  Necr           ##..         4%          1    ##.....
b - Animate Skeleton      Necr           N/A          4%          1    ##.....
c - Vampiric Draining     Necr           ##........   12%         3    ####...


Dungeon Overview and Level Annotations

Branches:
Dungeon (2/15)

Altars:


Innate Abilities, Weirdness & Mutations

Your body is rotting away.
You thrive on raw meat.
You are immune to poison.
You have sharp fingernails.
You are carnivorous and can eat meat at any time.
Your flesh is cold resistant. (rC+)
You are immune to negative energy. (rN+++)
You do not regenerate when monsters are visible.
You are immune to unholy pain and torment.
You can survive without breathing.


Message History

Confirm with . or Enter, or press ? or * to list all spells.
Aiming: Pain
Press: ? - help, Shift-Dir - straight line, f/p - Jessica
Aim: Jessica, wielding a dagger and wearing a robe (severely wounded, fast, chance to defeat MR: 73%) Jessica writhes in agony!
Jessica casts a spell at you. You resist with some effort.
The quokka bites you.
* * * LOW HITPOINT WARNING * * *
Jessica completely misses you.
You scratch Jessica.
You kill Jessica!
You feel your strength returning. The quokka closely misses you.
The quokka bites you.
* * * LOW HITPOINT WARNING * * *
The quokka barely misses you. The quokka bites you.
* * * LOW HITPOINT WARNING * * *
The quokka bites you.
You die...

<.###.####.##..#
.## #.####.#..## ##
#........## .##
#####...##### ..##
#.......##
...######..####..#
..........)).###.##
#...########..##..#
##..# #####..#@.#
#### #.....##r##
#...##....K## #.
##.......## #.
#.........#
#.###.........#
.....>........#
..............#
..............#


You could see a quokka and a kobold.

Vanquished Creatures
  Jessica (D:2)
  2 adders (D:2)
  2 leopard geckos (D:2)
  7 giant cockroaches
  8 goblins
  8 hobgoblins
  2 quokkas (D:2)
  4 bats
  4 frilled lizards
  3 kobolds
  8 rats
49 creatures vanquished.

Notes
Turn   | Place    | Note
-------+----------+-------------------------------------------
     0 | D:1      | Monsterracer the Ghoul Necromancer began the quest for the Orb.
     0 | D:1      | Reached XP level 1. HP: 14/14 MP: 2/2
   226 | D:1      | Reached XP level 2. HP: 20/20 MP: 0/3
   491 | D:1      | Reached skill level 1 in Unarmed Combat
  1129 | D:1      | Reached XP level 3. HP: 24/24 MP: 1/5
  1132 | D:1      | Learned a level 1 spell: Animate Skeleton
  1136 | D:1      | Learned a level 3 spell: Vampiric Draining
  1741 | D:2      | Reached XP level 4. HP: 19/33 MP: 4/6
  2050 | D:2      | Noticed Jessica
  2070 | D:2      | Killed Jessica
  2077 | D:2      | HP: 1/33 [quokka (1)]
  2093 | D:2      | Slain by a quokka

Vault maps used:
D:1:      dpeg_arrival_round_c
D:2:      kennysheep_jessica_study

Skill      XL: |  1  2  3 |
---------------+----------+-----
Unarmed Combat | 1 2 |  2.5
Spellcasting   | 2 |  2.4
Dodging        | 2 |  2.0
Stealth        | |  2.1
Necromancy     | |  4.7

Action                   |  1- 3 |  4- 6 || total
-------------------------+-------+-------++-------
Melee: Unarmed           |    70 |    35 ||   105
 Cast: Pain              |    47 |    11 ||    58
       Vampiric Draining |       |     1 ||     1
  Use: Potion            |     3 |       ||     3
  Eat: Chunk             |     5 |     1 ||     6
Armor: Robe              |    16 |     3 ||    19
Dodge: Dodged            |    50 |    19 ||    69
